AoeStats
← 买彩票刮出欠条

Nomad

508427438Analyzed
3v3 RM · 11d ago on Sep 22, 2026· 43m 29s· 6 players
Game mode
Random Map
Map size
210×210
Population
200
Speed
Normal
Resources
Standard
Victory
Conquest
Starting age
Dark Age
Ending age
Imperial Age
RankedLock teamsTeams togetherTeam positionsShared explorationLock speedFull tech treeHidden civsTurbo modeCheats
Victory
Defeat
🇮🇳 Gurjaras · India
1361
+17
🇭🇰 Vikings · Hong Kong SAR China
1360
+17
🇨🇳 Wu · China
1301
+18
🇬🇧 Italians · United Kingdom
1418
-19
🇪🇸 Armenians · Spain
1398
-19
🇹🇼 Turks · Taiwan
1294
-14
saksham
5:10 Loom
14:06 Feudal Age
15:39 Double-Bit Axe
18:22 Castle Age
16:20 Horse Collar
16:22 Fishing Lines
16:34 Fletching
18:15 Bloodlines
19:55 Husbandry
23:06 Town Watch
26:21 Ballistics
27:58 Bodkin Arrow
28:26 Padded Archer Armor
32:26 Gold Mining
33:13 Wheelbarrow
38:00 Imperial Age
36:06 Thumb Ring
36:18 Leather Archer Armor
36:43 Hand Cart
36:39 Bow Saw
36:30 Heavy Plow
37:07 Gold Shaft Mining
36:23 Stone Mining
36:39 Scale Barding Armor
38:57 Bracer
40:00 Chemistry
38:27 Elite Skirmisher
39:44 Conscription
42:57 Elite Elephant Archer
44:08 Frontier Guards
买彩票刮出欠条
5:00 Loom
12:57 Feudal Age
13:26 Double-Bit Axe
13:58 Gold Mining
15:52 Fletching
20:43 Horse Collar
22:31 Stone Mining
25:11 Castle Age
26:10 Bow Saw
25:52 Crossbowman
28:53 Bodkin Arrow
30:32 Padded Archer Armor
34:04 Leather Archer Armor
41:44 Wheelbarrow
40:32 Pikeman
41:12 Squires
44:10 Imperial Age
42:56 Ballistics
Kelly271888
9:32 Loom
14:53 Feudal Age
17:11 Fletching
17:45 Padded Archer Armor
20:58 Castle Age
18:55 Double-Bit Axe
20:17 Fishing Lines
21:44 Bodkin Arrow
21:14 Crossbowman
23:08 Bow Saw
24:16 Town Watch
26:49 Ballistics
27:16 Horse Collar
27:45 Gillnets
36:17 Imperial Age
33:53 Gold Mining
36:18 Leather Archer Armor
36:33 Treadmill Crane
37:03 Masonry
37:06 Bogsveigar
36:27 Arbalester
37:17 Bracer
39:24 Gold Shaft Mining
38:39 Stone Mining
Mr.Brrum
4:31 Loom
13:37 Feudal Age
14:33 Double-Bit Axe
15:24 Town Watch
19:21 Forging
21:31 Castle Age
21:18 Gold Mining
21:51 Fishing Lines
22:28 Medium Warships
22:57 Wheelbarrow
22:37 Bow Saw
25:03 Gillnets
25:16 Horse Collar
28:36 Fletching
29:22 Bodkin Arrow
30:12 Padded Archer Armor
33:19 Guard Tower
35:38 Ballistics
42:09 Leather Archer Armor
The Gravekeeper
4:56 Loom
14:11 Feudal Age
15:20 Double-Bit Axe
19:37 Fletching
22:16 Castle Age
21:10 Stone Mining
22:45 Padded Archer Armor
23:05 Bodkin Arrow
24:18 Medium Warships
23:49 Crossbowman
28:51 Horse Collar
36:22 Imperial Age
34:56 Wheelbarrow
34:06 Town Watch
36:41 Scale Barding Armor
36:50 Bow Saw
37:37 Conscription
38:40 Chain Barding Armor
38:56 Bloodlines
38:56 Gold Mining
39:29 Husbandry
41:05 Forging
40:56 Bracer
42:05 Leather Archer Armor
41:22 Light Cavalry
43:18 Heavy Plow
44:28 Plate Barding Armor
Veritas of the Dark
3:19 Loom
3:26 Loom
13:35 Feudal Age
14:42 Double-Bit Axe
23:31 Castle Age
24:18 Horse Collar
24:55 Bow Saw
37:52 Town Watch
Connection lost

Rejoining the realm…

Still unreachable

The connection could not be restored.

Session expired

The server has moved on; the page needs a fresh start.